 Dungeon Crawl Stone Soup version 0.26-a0-800-g517d6fe721 (webtiles) character file.

Game seed: 4619236138584862004

65 muata the Grave Robber (level 3, 0/24 HPs)
             Began as a Vampire Necromancer on Nov 11, 2020.
             Slain by an ufetubus (2 damage)
             ... on level 2 of the Dungeon.
             The game lasted 00:06:14 (1619 turns).

muata the Grave Robber (Vampire Necromancer)        Turns: 1619, Time: 00:06:15

Health: 0/24       AC:  3    Str:  7    XL:     3   Next: 92%
Magic:  4/6        EV: 13    Int: 20    God:
Gold:   55         SH:  0    Dex: 15    Spells: 5/7 levels left

rFire    . . .     SeeInvis +   c - +0 club
rCold    . . .     Faith    .   (no shield)
rNeg     . . .     Spirit   .   a - +0 robe
rPois    .         Reflect  .   f - +0 helmet {Int+3}
rElec    .         Harm     .   (no cloak)
rCorr    .         Rampage  .   (no gloves)
MR       .....                  (no boots)
Stlth    +++.......             (no amulet)
HPRegen  0.28/turn              (no ring)
MPRegen  0.10/turn              (no ring)

@: regenerating quickly
A: fangs 3, see invisible, unbreathing
a: Exsanguinate


You were on level 2 of the Dungeon.
You visited 1 branch of the dungeon, and saw 2 of its levels.

You collected 55 gold pieces.

Inventory:

Hand Weapons
 c - a +0 club (weapon)
Armour
 a - a +0 robe (worn)
 f - a +0 helmet of intelligence (worn)
Scrolls
 b - 2 scrolls of identify {unknown}
 g - 3 scrolls of remove curse {unknown}
 h - a scroll of blinking {unknown}
Potions
 d - 3 potions of attraction {unknown}
 e - 2 potions of curing {unknown}
 i - a potion of resistance {unknown}
 j - a potion of flight {unknown}


   Skills:
 + Level 3.0 Dodging
 + Level 4.3 Stealth
 + Level 2.5 Spellcasting
 + Level 4.8 Necromancy


You had 5 spell levels left.
You knew the following spells:

 Your Spells              Type           Power        Failure   Level
a - Pain                  Necr           ###.         1%          1
b - Animate Skeleton      Necr           ###...       1%          1

Your spell library contained the following spells:

 Spells                   Type           Power        Failure   Level
 Vampiric Draining        Necr           ###.......   6%          3
 Animate Dead             Necr           ###.......   21%         4
 Agony                    Necr           ###.....     50%         5


Dungeon Overview and Level Annotations

Branches:
Dungeon (2/15)

Altars:


Innate Abilities, Weirdness & Mutations

Your natural rate of healing is unusually fast.
You have razor-sharp teeth.
You have supernaturally acute eyesight. (SInv)
You can survive without breathing.


Message History

The ufetubus is heavily wounded.
The ufetubus barely misses you. The ufetubus hits you.
* * * LOW HITPOINT WARNING * * *
The ufetubus closely misses you. The ufetubus hits you.
* * * LOW HITPOINT WARNING * * *
You hit the ufetubus.
The ufetubus is almost dead.
The ufetubus closely misses you. The ufetubus barely misses you.
The ufetubus hits you but does no damage.
The ufetubus closely misses you.
You hit the ufetubus but do no damage.
The ufetubus is almost dead.
The ufetubus hits you.
* * * LOW HITPOINT WARNING * * *
The ufetubus hits you but does no damage.
The ufetubus barely misses you. x2
You closely miss the ufetubus.
The ufetubus is almost dead.
The ufetubus barely misses you. The ufetubus hits you.
You die...

##'# ##.## ..##...##
##...## #.#.....##
#.###.### # #........##
#.# #....
..##.....)...###.###.###
.'.........'..........
#.##.........####....###
............## #..#.###
>.....5@...## #.......
#.###.#...## ####.### #
##'## #.# #(# #.# ###
#.# #.# .....##.## #.#
.......(.# #.#
.#####....# #.# #.......
..#


You could see an ufetubus.

Vanquished Creatures
  2 adders (D:2)
  2 dart slugs
  A leopard gecko (D:1)
  3 giant cockroaches
  3 goblins
  3 hobgoblins
  4 jackals (D:1)
  5 kobolds (D:1)
  A quokka (D:2)
  3 ball pythons
  5 bats
  4 frilled lizards
  6 rats
42 creatures vanquished.

Notes
Turn   | Place    | Note
-------+----------+-------------------------------------------
     0 | D:1      | muata the Vampire Necromancer began the quest for the Orb.
     0 | D:1      | Reached XP level 1. HP: 13/13 MP: 3/3
   174 | D:1      | Reached XP level 2. HP: 19/19 MP: 1/5
   298 | D:1      | Learned a level 1 spell: Animate Skeleton
   751 | D:1      | Reached XP level 3. HP: 19/24 MP: 0/6
  1618 | D:2      | HP: 1/24 [ufetubus (4)]
  1619 | D:2      | Slain by an ufetubus

Illustrated notes

Levels and vault maps discovered:
D:1:      minmay_arrival_jagged, layout_basic
D:2:      layout_loops_corners, minmay_cupped

Skill      XL: |  1  2  3 |
---------------+----------+-----
Stealth        | 4 |  4.3
Dodging        | 3 |  3.0
Spellcasting   | |  2.5
Necromancy     | |  4.8

Action                   || total
-------------------------++-------
Melee: Unarmed           ||     6
       Club              ||    21
       Bite              ||     1
 Cast: Pain              ||    71
Armor: Robe              ||    16
Dodge: Dodged            ||    57

Table legend: (Time is in decaauts)
 A = Elapsed time spent in this place.
 B = Non-inter-level travel time spent in this place.
 C = Inter-level travel time spent in this place.
 D = Time resting spent in this place.
 E = Time spent auto-exploring this place.
 F = Levels seen in this place.
 G = Mean time per level.
                   A        B        C        D        E       F      G
               +--------+--------+--------+--------+--------+-----+--------+
         Total |   1624 |   1589 |     35 |    438 |    866 |   2 |  812.0 |
       Dungeon |   1624 |   1589 |     35 |    438 |    866 |   2 |  812.0 |
               +--------+--------+--------+--------+--------+-----+--------+

Top non-repeatable levels by time:
     D:1: 1108 daAuts
     D:2: 515 daAuts
